General information
- name: BNet
- type: Ladder team game (AT/RT)
- host: Battle.net
- saver: RetiredWinselIr
map: FullScaleAssault
- players: 8
- length: 84:56
- speed: Fast
- version: 1.26 W3XP
- replay type: Public
» download(409 KB)
Players
team 1 (winner)

»
So.Crappy.Anne (
orange | 32 APM | 2459 actions | 76:35)
5 Archmage
1 Summon Water Elemental
2 Brilliance Aura
2 Blizzard
4 Blood Mage
2 Flame Strike
2 Siphon Mana
» actions
| Assign group hotkey | 88 | |
| Basic commands | 55 | |
| Build / train | 143 | |
| ESC pressed | 12 | |
| Enter build submenu | 35 | |
| Enter hero's abilities submenu | 9 | |
| Right click | 743 | |
| Select / deselect | 574 | |
| Select group hotkey | 621 | |
| Use ability | 179 | |
2459 total
» units
| Peasant | 13 | |
| Footman | 8 | |
| Sorceress | 8 | |
| Rifleman | 14 | |
| Mortar Team | 10 | |
| Priest | 3 | |
| Mur'gul Snarecaster | 1 | |
| Giant Sea Turtle | 1 | |
| Flying Machine | 13 | |
| Siege Engine | 1 | |
| Spell Breaker | 1 | |
73 total
» upgrades
| Masonry | 2 | |
| Lumber Harvesting | 2 | |
| Sorceress Training | 3 | |
| Priest Training | 1 | |
| Fragmentation Shards | 1 | |
| Long Rifles | 1 | |
| Gunpowder | 1 | |
| Armor | 1 | |
| Flak Cannons | 1 | |
| Flying Machine Bombs | 1 | |
| Barrage | 1 | |
15 total
» buildings
| Altar of Kings | 1 | |
| Barracks | 1 | |
| Farm | 14 | |
| Lumber Mill | 2 | |
| Scout Tower | 4 | |
| Arcane Tower | 3 | |
| Guard Tower | 2 | |
| Keep | 1 | |
| Arcane Vault | 2 | |
| Town Hall | 2 | |
| Blacksmith | 1 | |
| Arcane Sanctum | 2 | |
| Workshop | 2 | |
| Castle | 1 | |
38 total
» build order
00:12 Altar of Kings
00:20 Barracks
00:36 Farm
00:49 Lumber Mill
01:02 Farm
02:06 Farm
02:27 Scout Tower
03:13 Arcane Tower
03:13 Arcane Tower
03:18 Farm
03:36 Scout Tower
03:39 Scout Tower
03:47 Scout Tower
03:50 Lumber Mill
04:10 Guard Tower
04:18 Arcane Tower
04:43 Keep
04:53 Arcane Vault
05:43 Town Hall
06:13 Blacksmith
06:56 Farm
07:44 Arcane Sanctum
07:49 Arcane Sanctum
07:56 Arcane Vault
07:58 Farm
08:37 Workshop
09:03 Guard Tower
11:15 Castle
13:20 Farm
13:21 Farm
13:22 Farm
15:52 Farm
15:53 Farm
19:54 Farm
19:55 Farm
19:57 Farm
22:13 Workshop
30:41 Town Hall
» items
| Ivory Tower | 3 | |
| Tome of Retraining | 1 | |
| Staff of Teleportation | 2 | |
| Potion of Invisibility | 4 | |
| Scroll of Town Portal | 8 | |
| Scroll of Regeneration | 3 | |
| Lesser Clarity Potion | 3 | |
| Potion of Healing | 4 | |
| Potion of Lesser Invulnerability | 2 | |
| Boots of Speed | 1 | |
31 total
Shelshocken (
yellow | 62 APM | 1892 actions | 30:45)
4 Archmage
2 Summon Water Elemental
2 Brilliance Aura
» actions
| Basic commands | 48 | |
| Build / train | 99 | |
| Enter build submenu | 42 | |
| Enter hero's abilities submenu | 4 | |
| Give item / drop item | 1 | |
| Remove unit from queue | 6 | |
| Right click | 985 | |
| Select / deselect | 588 | |
| Use ability | 119 | |
1892 total
» units
| Peasant | 25 | |
| Footman | 12 | |
| Siege Engine | 16 | |
| Rifleman | 6 | |
| Flying Machine | 8 | |
| Mortar Team | 1 | |
68 total
» upgrades
| Lumber Harvesting | 2 | |
| Gunpowder | 3 | |
| Barrage | 1 | |
| Plating | 2 | |
| Flak Cannons | 1 | |
| Flying Machine Bombs | 2 | |
11 total
» buildings
| Barracks | 3 | |
| Altar of Kings | 1 | |
| Farm | 13 | |
| Lumber Mill | 1 | |
| Keep | 3 | |
| Town Hall | 2 | |
| Blacksmith | 1 | |
| Scout Tower | 6 | |
| Castle | 2 | |
| Workshop | 10 | |
| Guard Tower | 2 | |
| Arcane Vault | 1 | |
45 total
» build order
00:20 Barracks
00:35 Altar of Kings
00:50 Farm
01:28 Farm
01:43 Lumber Mill
01:55 Farm
02:38 Farm
04:06 Keep
04:06 Keep
04:30 Town Hall
04:51 Blacksmith
05:24 Scout Tower
05:26 Scout Tower
06:40 Castle
06:48 Scout Tower
06:49 Scout Tower
06:57 Workshop
07:31 Guard Tower
07:33 Scout Tower
07:34 Scout Tower
08:23 Workshop
09:17 Workshop
09:18 Workshop
09:23 Workshop
09:26 Farm
09:26 Farm
09:28 Farm
09:37 Farm
10:19 Farm
10:26 Farm
10:27 Farm
11:05 Farm
13:04 Farm
18:45 Guard Tower
20:53 Town Hall
20:55 Keep
22:36 Barracks
22:40 Barracks
23:56 Castle
23:59 Workshop
24:00 Workshop
24:00 Workshop
24:05 Workshop
24:18 Workshop
25:13 Arcane Vault
» items
RetiredWinselIr (
green | 82 APM | 6925 actions | 84:56)
10 Blademaster
3 Wind Walk
3 Critical Strike
1 Bladestorm
3 Mirror Image
» actions
| Assign group hotkey | 207 | |
| Basic commands | 462 | |
| Build / train | 234 | |
| ESC pressed | 15 | |
| Enter build submenu | 87 | |
| Enter hero's abilities submenu | 10 | |
| Give item / drop item | 26 | |
| Right click | 2602 | |
| Select / deselect | 1028 | |
| Select group hotkey | 1811 | |
| Use ability | 443 | |
6925 total
» units
| Peon | 18 | |
| Grunt | 14 | |
| Goblin Shredder | 3 | |
| Goblin Zeppelin | 12 | |
| Troll Headhunter/Berserker | 28 | |
| Shaman | 6 | |
| Goblin Sapper | 15 | |
| Demolisher | 3 | |
| Kodo Beast | 2 | |
| Raider | 8 | |
| Troll Witch Doctor | 3 | |
| Wind Rider | 3 | |
115 total
» upgrades
| Berserker Strength | 1 | |
| Armor | 3 | |
| Shaman Training | 2 | |
| Troll Regeneration | 1 | |
| Berserker Upgrade | 1 | |
| Reinforced Defenses | 1 | |
| Ranged Weapons | 3 | |
| Pillage | 1 | |
| War Drums Damage Increase | 1 | |
| Spiked Barricades | 3 | |
| Envenomed Spears | 1 | |
| Burning Oil | 1 | |
| Ensnare | 1 | |
| Melee Weapons | 3 | |
| Witch Doctor Training | 3 | |
| Liquid Fire | 1 | |
| Spirit Walker Training | 1 | |
| Backpack | 1 | |
29 total
» buildings
| Orc Burrow | 15 | |
| Altar of Storms | 2 | |
| Barracks | 8 | |
| Voodoo Lounge | 2 | |
| Stronghold | 11 | |
| Great Hall | 7 | |
| War Mill | 2 | |
| Fortress | 8 | |
| Spirit Lodge | 2 | |
| Watch Tower | 46 | |
| Beastiary | 8 | |
111 total
» build order
00:11 Orc Burrow
01:04 Altar of Storms
01:06 Barracks
01:09 Orc Burrow
01:51 Voodoo Lounge
02:30 Orc Burrow
04:17 Stronghold
04:17 Stronghold
04:57 Great Hall
06:45 War Mill
08:06 Orc Burrow
08:25 Fortress
08:25 Fortress
08:29 Barracks
08:35 Spirit Lodge
08:39 Spirit Lodge
10:53 Watch Tower
10:56 Watch Tower
11:44 Great Hall
11:48 Watch Tower
11:49 Watch Tower
11:51 Watch Tower
11:52 Watch Tower
11:53 Watch Tower
11:54 Watch Tower
11:57 Watch Tower
11:58 Watch Tower
14:47 Watch Tower
14:48 Watch Tower
14:51 Watch Tower
15:17 Beastiary
15:21 Beastiary
16:14 Orc Burrow
16:19 Orc Burrow
16:54 Watch Tower
16:55 Watch Tower
16:58 Watch Tower
23:54 Stronghold
23:54 Stronghold
25:06 Watch Tower
25:07 Watch Tower
25:10 Watch Tower
26:19 Fortress
26:23 Beastiary
26:26 Beastiary
28:47 Orc Burrow
28:50 Orc Burrow
31:18 Great Hall
31:21 Watch Tower
31:23 Watch Tower
31:24 Watch Tower
31:27 Watch Tower
31:32 Watch Tower
31:33 Watch Tower
31:36 Watch Tower
31:37 Watch Tower
32:59 Great Hall
33:01 Watch Tower
33:01 Watch Tower
33:02 Watch Tower
33:03 Watch Tower
33:04 Watch Tower
33:05 Watch Tower
33:06 Watch Tower
33:11 Watch Tower
44:00 Watch Tower
44:04 Watch Tower
59:53 Great Hall
59:58 Watch Tower
59:59 Watch Tower
59:59 Watch Tower
60:01 Watch Tower
60:03 Watch Tower
60:05 Watch Tower
60:06 Watch Tower
60:07 Watch Tower
60:08 Watch Tower
62:36 Voodoo Lounge
69:58 Great Hall
70:11 Great Hall
77:11 Orc Burrow
77:12 Orc Burrow
77:12 Orc Burrow
77:14 Orc Burrow
77:16 Orc Burrow
77:32 Stronghold
77:33 Stronghold
77:33 Stronghold
77:46 Barracks
77:51 Barracks
77:54 Barracks
77:57 Barracks
78:00 Barracks
78:09 Barracks
78:43 Altar of Storms
79:12 War Mill
79:22 Orc Burrow
79:24 Orc Burrow
80:01 Fortress
80:01 Fortress
80:01 Fortress
80:17 Beastiary
80:24 Beastiary
80:26 Beastiary
80:29 Beastiary
» items
| Healing Salve | 6 | |
| Boots of Speed | 1 | |
| Staff of Teleportation | 1 | |
| Lesser Clarity Potion | 6 | |
| Potion of Healing | 1 | |
| Scroll of Town Portal | 4 | |
| Orb of Lightning | 1 | |
| Scroll of Regeneration | 1 | |
21 total

»
PurpleMonstarz (
pink | 22 APM | 1379 actions | 63:45)
4 Mountain King
2 Storm Bolt
2 Bash
5 Archmage
3 Summon Water Elemental
2 Brilliance Aura
» actions
| Basic commands | 49 | |
| Build / train | 101 | |
| Enter build submenu | 41 | |
| Enter hero's abilities submenu | 11 | |
| Give item / drop item | 2 | |
| Remove unit from queue | 2 | |
| Right click | 544 | |
| Select / deselect | 521 | |
| Use ability | 108 | |
1379 total
» units
| Peasant | 41 | |
| Footman | 7 | |
| Goblin Zeppelin | 1 | |
| Gryphon Rider | 14 | |
63 total
» upgrades
| Swords | 3 | |
| Armor | 3 | |
| Lumber Harvesting | 2 | |
| Masonry | 3 | |
| Storm Hammers | 1 | |
| Animal War Training | 1 | |
13 total
» buildings
| Altar of Kings | 2 | |
| Farm | 13 | |
| Lumber Mill | 1 | |
| Barracks | 1 | |
| Arcane Vault | 1 | |
| Town Hall | 3 | |
| Scout Tower | 10 | |
| Keep | 1 | |
| Guard Tower | 5 | |
| Blacksmith | 2 | |
| Castle | 1 | |
| Gryphon Aviary | 3 | |
43 total
» build order
00:15 Altar of Kings
00:17 Farm
00:56 Lumber Mill
01:11 Barracks
01:30 Farm
02:07 Arcane Vault
02:15 Farm
04:23 Town Hall
04:25 Scout Tower
04:27 Scout Tower
04:29 Scout Tower
04:42 Keep
04:45 Farm
04:48 Farm
05:19 Guard Tower
05:22 Scout Tower
05:28 Scout Tower
05:41 Farm
06:00 Guard Tower
06:41 Farm
06:54 Blacksmith
06:59 Blacksmith
08:02 Castle
08:08 Gryphon Aviary
08:11 Gryphon Aviary
08:13 Gryphon Aviary
09:36 Farm
09:41 Farm
11:12 Farm
11:36 Town Hall
11:38 Scout Tower
12:07 Farm
12:41 Guard Tower
12:43 Scout Tower
12:53 Farm
13:27 Scout Tower
13:28 Guard Tower
14:40 Guard Tower
18:01 Scout Tower
18:03 Scout Tower
30:53 Town Hall
58:10 Altar of Kings
58:18 Farm
» items
| Boots of Speed | 1 | |
| Periapt of Vitality | 1 | |
| Scroll of Town Portal | 1 | |
3 total
team 2 (loser)
Thendis (
red | 109 APM | 1597 actions | 14:35)
3 Archmage
2 Summon Water Elemental
1 Brilliance Aura
1 Mountain King
1 Storm Bolt
» actions
| Assign group hotkey | 33 | |
| Basic commands | 105 | |
| Build / train | 78 | |
| Enter build submenu | 22 | |
| Enter hero's abilities submenu | 4 | |
| Give item / drop item | 1 | |
| Right click | 495 | |
| Select / deselect | 148 | |
| Select group hotkey | 646 | |
| Use ability | 65 | |
1597 total
» units
| Peasant | 14 | |
| Footman | 18 | |
| Dragonhawk Rider | 15 | |
47 total
» upgrades
| Defend | 1 | |
| Lumber Harvesting | 1 | |
| Swords | 1 | |
| Cloud | 1 | |
4 total
» buildings
| Altar of Kings | 1 | |
| Farm | 9 | |
| Barracks | 1 | |
| Scout Tower | 2 | |
| Arcane Vault | 1 | |
| Arcane Tower | 2 | |
| Keep | 4 | |
| Blacksmith | 1 | |
| Lumber Mill | 1 | |
| Gryphon Aviary | 2 | |
| Castle | 3 | |
| Arcane Sanctum | 1 | |
28 total
» build order
00:12 Altar of Kings
00:21 Farm
00:35 Farm
00:37 Barracks
01:40 Farm
01:44 Scout Tower
01:47 Scout Tower
01:54 Arcane Vault
02:20 Farm
02:22 Arcane Tower
03:41 Keep
03:42 Keep
04:34 Blacksmith
04:44 Farm
04:57 Lumber Mill
05:02 Farm
05:28 Farm
05:28 Farm
06:13 Gryphon Aviary
06:25 Gryphon Aviary
07:28 Castle
09:19 Farm
13:37 Arcane Sanctum
» items
| Scroll of Regeneration | 4 | |
| Potion of Lesser Invulnerability | 1 | |
| Lesser Clarity Potion | 1 | |
| Scroll of Town Portal | 1 | |
7 total
tonyportabello (
teal | 63 APM | 944 actions | 14:57)
3 Archmage
2 Summon Water Elemental
1 Brilliance Aura
2 Mountain King
1 Storm Bolt
1 Bash
» actions
| Assign group hotkey | 19 | |
| Basic commands | 1 | |
| Build / train | 54 | |
| Enter build submenu | 28 | |
| Enter hero's abilities submenu | 5 | |
| Remove unit from queue | 2 | |
| Right click | 341 | |
| Select / deselect | 178 | |
| Select group hotkey | 269 | |
| Use ability | 47 | |
944 total
» units
| Peasant | 8 | |
| Rifleman | 6 | |
| Goblin Zeppelin | 1 | |
| Goblin Shredder | 1 | |
| Priest | 2 | |
| Sorceress | 1 | |
19 total
» upgrades
| Masonry | 2 | |
| Armor | 2 | |
| Gunpowder | 3 | |
| Lumber Harvesting | 2 | |
| Long Rifles | 1 | |
| Sorceress Training | 2 | |
| Priest Training | 2 | |
| Magic Sentry | 1 | |
15 total
» buildings
| Altar of Kings | 1 | |
| Farm | 7 | |
| Blacksmith | 1 | |
| Barracks | 1 | |
| Lumber Mill | 1 | |
| Keep | 1 | |
| Town Hall | 2 | |
| Arcane Sanctum | 2 | |
| Arcane Vault | 1 | |
| Castle | 1 | |
| Scout Tower | 10 | |
| Guard Tower | 5 | |
33 total
» build order
00:06 Altar of Kings
00:26 Farm
00:48 Blacksmith
01:21 Barracks
01:48 Farm
02:05 Lumber Mill
02:26 Farm
03:11 Farm
03:40 Keep
04:00 Farm
04:42 Town Hall
06:05 Arcane Sanctum
07:26 Arcane Vault
08:47 Farm
08:48 Castle
08:55 Scout Tower
09:06 Farm
12:24 Town Hall
12:43 Arcane Sanctum
13:00 Guard Tower
13:03 Scout Tower
13:06 Scout Tower
13:28 Scout Tower
13:33 Guard Tower
13:56 Scout Tower
13:57 Guard Tower
14:00 Scout Tower
14:01 Guard Tower
14:03 Scout Tower
14:13 Scout Tower
14:30 Scout Tower
14:30 Guard Tower
14:33 Scout Tower
» items
| Scroll of Regeneration | 1 | |
| Scroll of Town Portal | 1 | |
| Orb of Fire | 1 | |
3 total
Larry_Legend (
purple | 35 APM | 3011 actions | 84:53)
7 Archmage
3 Summon Water Elemental
3 Brilliance Aura
1 Mass Teleport
6 Mountain King
3 Storm Bolt
2 Bash
1 Avatar
» actions
| Assign group hotkey | 25 | |
| Basic commands | 177 | |
| Build / train | 101 | |
| Enter build submenu | 80 | |
| Enter hero's abilities submenu | 13 | |
| Give item / drop item | 18 | |
| Remove unit from queue | 1 | |
| Right click | 1059 | |
| Select / deselect | 616 | |
| Select group hotkey | 660 | |
| Use ability | 261 | |
3011 total
» units
| Peasant | 22 | |
| Footman | 4 | |
| Goblin Shredder | 1 | |
| Goblin Zeppelin | 3 | |
| Dragonhawk Rider | 3 | |
| Blue Dragon | 4 | |
| Goblin Sapper | 3 | |
40 total
» upgrades
| Masonry | 3 | |
| Swords | 3 | |
| Armor | 3 | |
| Animal War Training | 1 | |
| Cloud | 1 | |
11 total
» buildings
| Altar of Kings | 2 | |
| Barracks | 1 | |
| Farm | 12 | |
| Scout Tower | 72 | |
| Arcane Tower | 3 | |
| Arcane Vault | 4 | |
| Keep | 2 | |
| Town Hall | 5 | |
| Lumber Mill | 2 | |
| Castle | 2 | |
| Guard Tower | 15 | |
| Gryphon Aviary | 6 | |
| Blacksmith | 2 | |
128 total
» build order
00:36 Altar of Kings
00:37 Barracks
00:49 Farm
00:51 Farm
01:05 Farm
01:34 Farm
01:50 Scout Tower
02:34 Arcane Tower
03:10 Arcane Vault
04:04 Keep
04:29 Town Hall
04:41 Lumber Mill
07:30 Scout Tower
07:31 Scout Tower
07:31 Scout Tower
07:32 Scout Tower
07:32 Scout Tower
07:43 Castle
08:02 Guard Tower
08:04 Guard Tower
10:10 Scout Tower
10:13 Scout Tower
10:19 Scout Tower
10:21 Scout Tower
10:23 Scout Tower
10:58 Guard Tower
11:33 Guard Tower
11:46 Town Hall
11:48 Scout Tower
11:49 Scout Tower
11:49 Scout Tower
11:49 Scout Tower
11:50 Scout Tower
11:51 Scout Tower
11:52 Scout Tower
11:52 Scout Tower
11:53 Scout Tower
11:53 Scout Tower
11:56 Arcane Vault
12:25 Guard Tower
13:26 Gryphon Aviary
13:26 Gryphon Aviary
13:27 Gryphon Aviary
13:27 Gryphon Aviary
13:30 Gryphon Aviary
13:33 Gryphon Aviary
13:40 Blacksmith
13:41 Blacksmith
13:46 Arcane Tower
13:50 Guard Tower
15:07 Farm
15:10 Farm
15:34 Scout Tower
15:34 Scout Tower
15:35 Scout Tower
15:35 Scout Tower
15:35 Scout Tower
15:39 Scout Tower
15:54 Farm
16:25 Guard Tower
16:39 Arcane Tower
16:55 Scout Tower
16:56 Scout Tower
16:56 Scout Tower
16:57 Scout Tower
16:59 Scout Tower
16:59 Scout Tower
17:00 Scout Tower
17:00 Scout Tower
17:01 Scout Tower
17:01 Scout Tower
17:59 Guard Tower
18:36 Guard Tower
20:28 Scout Tower
20:29 Scout Tower
20:29 Scout Tower
21:34 Guard Tower
22:11 Keep
22:57 Scout Tower
22:58 Scout Tower
22:58 Scout Tower
22:59 Scout Tower
23:00 Scout Tower
23:01 Scout Tower
23:02 Scout Tower
23:02 Scout Tower
23:02 Scout Tower
25:05 Farm
25:05 Farm
25:06 Farm
25:06 Farm
25:07 Farm
29:07 Guard Tower
31:55 Town Hall
32:32 Scout Tower
32:32 Scout Tower
32:33 Scout Tower
32:34 Scout Tower
32:35 Scout Tower
32:36 Scout Tower
32:37 Scout Tower
32:38 Scout Tower
32:40 Arcane Vault
33:23 Lumber Mill
34:59 Guard Tower
36:49 Altar of Kings
37:19 Town Hall
37:21 Scout Tower
37:21 Scout Tower
37:22 Scout Tower
37:22 Scout Tower
37:24 Scout Tower
37:24 Scout Tower
37:25 Scout Tower
37:28 Scout Tower
37:29 Scout Tower
37:29 Scout Tower
37:30 Scout Tower
37:30 Scout Tower
37:36 Arcane Vault
37:42 Town Hall
38:07 Guard Tower
38:26 Guard Tower
52:27 Castle
62:25 Guard Tower
» items
| Scroll of Regeneration | 4 | |
| Mechanical Critter | 2 | |
| Scroll of Town Portal | 2 | |
| Boots of Speed | 1 | |
| Staff of Teleportation | 1 | |
| Periapt of Vitality | 1 | |
| Potion of Healing | 1 | |
12 total

»
The_New_Prodigy (
blue | 33 APM | 2832 actions | 84:53)
7 Archmage
3 Summon Water Elemental
3 Brilliance Aura
1 Blizzard
4 Paladin
2 Devotion Aura
1 Holy Light
1 Divine Shield
8 Mountain King
2 Bash
3 Storm Bolt
3 Thunder Clap
» actions
| Assign group hotkey | 2 | |
| Basic commands | 7 | |
| Build / train | 154 | |
| Enter build submenu | 39 | |
| Enter hero's abilities submenu | 21 | |
| Give item / drop item | 7 | |
| Remove unit from queue | 5 | |
| Right click | 1547 | |
| Select / deselect | 815 | |
| Select group hotkey | 32 | |
| Use ability | 203 | |
2832 total
» units
| Peasant | 31 | |
| Footman | 3 | |
| Goblin Zeppelin | 1 | |
| Siege Engine | 8 | |
| Sorceress | 8 | |
| Priest | 4 | |
| Rifleman | 8 | |
| Dragonhawk Rider | 4 | |
| Knight | 20 | |
| Flying Machine | 8 | |
95 total
» upgrades
| Lumber Harvesting | 1 | |
| Barrage | 1 | |
| Swords | 1 | |
| Plating | 1 | |
4 total
» buildings
| Altar of Kings | 2 | |
| Farm | 54 | |
| Barracks | 2 | |
| Lumber Mill | 1 | |
| Arcane Vault | 1 | |
| Scout Tower | 12 | |
| Arcane Tower | 1 | |
| Guard Tower | 9 | |
| Keep | 2 | |
| Town Hall | 9 | |
| Castle | 2 | |
| Blacksmith | 1 | |
| Workshop | 3 | |
99 total
» build order
00:13 Altar of Kings
00:17 Farm
00:44 Barracks
01:05 Farm
02:33 Lumber Mill
03:19 Arcane Vault
03:23 Scout Tower
03:28 Farm
03:33 Farm
03:34 Farm
03:35 Farm
03:37 Farm
03:38 Farm
04:02 Arcane Tower
04:05 Guard Tower
04:45 Keep
06:16 Town Hall
06:19 Scout Tower
06:52 Town Hall
07:59 Town Hall
08:15 Scout Tower
08:20 Scout Tower
08:21 Scout Tower
08:21 Scout Tower
08:23 Scout Tower
08:26 Scout Tower
08:31 Castle
08:51 Guard Tower
08:56 Guard Tower
09:18 Guard Tower
09:48 Blacksmith
10:09 Town Hall
10:11 Guard Tower
10:36 Guard Tower
10:38 Guard Tower
11:03 Workshop
12:18 Workshop
12:28 Farm
12:29 Farm
12:31 Farm
12:32 Farm
14:01 Guard Tower
15:48 Town Hall
18:20 Keep
22:44 Altar of Kings
23:06 Farm
23:07 Farm
23:07 Farm
23:08 Farm
23:08 Farm
23:08 Farm
23:08 Farm
23:09 Farm
23:09 Farm
23:09 Farm
23:10 Farm
23:10 Farm
23:10 Farm
23:11 Farm
23:12 Farm
23:13 Farm
23:13 Farm
23:13 Farm
23:14 Farm
23:58 Castle
27:40 Town Hall
27:55 Farm
27:55 Farm
27:55 Farm
27:56 Farm
27:57 Farm
27:57 Farm
27:57 Farm
27:58 Farm
27:59 Farm
27:59 Farm
27:59 Farm
28:00 Farm
28:01 Farm
28:01 Farm
28:01 Farm
28:01 Farm
31:00 Guard Tower
31:10 Scout Tower
31:11 Scout Tower
31:14 Scout Tower
31:16 Scout Tower
35:08 Workshop
43:44 Town Hall
48:07 Town Hall
51:10 Farm
53:34 Barracks
54:00 Farm
65:28 Town Hall
» items
| Scroll of Regeneration | 2 | |
| Lesser Clarity Potion | 1 | |
| Potion of Healing | 1 | |
| Potion of Mana | 1 | |
| Ivory Tower | 4 | |
| Scroll of Town Portal | 3 | |
| Scroll of Protection | 1 | |
13 total
Chat log
(00:05 / All) RetiredWinselIr: fullscale assault woot
(00:30 / Allies) PurpleMonstarz: units?
(00:40 / Allies) RetiredWinselIr: yeah sure
(00:47 / Allies) Shelshocken: plan?
(00:50 / Allies) RetiredWinselIr: yeah
(00:58 / Allies) Shelshocken: ?
(01:06 / Allies) PurpleMonstarz: control mines
(01:09 / Allies) So.Crappy.Anne: am foots
(01:38 / Allies) PurpleMonstarz: griffs here
(01:51 / Allies) PurpleMonstarz: green can u get lust :)
(01:59 / Allies) So.Crappy.Anne: ill go morts and preits
(02:07 / Allies) RetiredWinselIr: I could, we'll see if I feel like going casters
(02:17 / Allies) So.Crappy.Anne: someone get knights or taurens?
(02:36 / Allies) RetiredWinselIr: might get hh and lust
(05:25 / Allies) PurpleMonstarz: lets get mid
(05:55 / Allies) RetiredWinselIr: I can creep my green camp myself
(06:00 / Allies) Shelshocken: grteen stop.
(06:05 / Allies) RetiredWinselIr: don't need you leeching my xp
(06:09 / Allies) Shelshocken: lol
(06:12 / Allies) Shelshocken: you just did+
(06:16 / Allies) RetiredWinselIr: I'd be level 3 if not for you
(06:17 / Allies) So.Crappy.Anne: lol
(06:19 / Allies) Shelshocken: with my creeps.
(06:22 / Allies) Shelshocken: i was leveling there
(06:22 / Allies) Shelshocken: first
(06:23 / Allies) RetiredWinselIr: Those weren't yours
(06:24 / Allies) Shelshocken: and u stole it
(06:25 / Allies) Shelshocken: idiot.
(06:27 / Allies) Shelshocken: its mid
(06:28 / Allies) Shelshocken: idiot.
(06:30 / Allies) RetiredWinselIr: that wasn't a camp of level 2 units
(06:38 / Allies) RetiredWinselIr: but that was my natural green camp
(06:41 / Allies) Shelshocken: whatever
(06:46 / Allies) So.Crappy.Anne: haha
(06:51 / Allies) So.Crappy.Anne: natrual expo creep stealers
(06:52 / Allies) RetiredWinselIr: faggot
(07:41 / Allies) RetiredWinselIr: you also shouldn't be bitching as human about if I was leeching xp
(07:45 / Allies) RetiredWinselIr: because as hu you can solo creep mid ogres
(07:47 / Allies) RetiredWinselIr: with 1 hero
(09:35 / Allies) So.Crappy.Anne: wood pls
(09:40 / Allies) So.Crappy.Anne: if u can spare
(09:52 / Allies) So.Crappy.Anne: like 100
(13:26 / Allies) So.Crappy.Anne: 100 wood pls
(13:39 / Allies) Shelshocken: DONT come with me
(13:40 / Allies) Shelshocken: pink
(13:46 / Allies) PurpleMonstarz: why?
(13:51 / Allies) RetiredWinselIr: you're al ittle bitch
(13:53 / Allies) Shelshocken: just donet
(13:54 / Allies) Shelshocken: lol
(14:03 / Allies) Shelshocken: hit another
(14:04 / Allies) Shelshocken: spot
(14:05 / Allies) Shelshocken: ill hit mains.
(15:41 / Allies) So.Crappy.Anne: lol i raped
(15:44 / Allies) So.Crappy.Anne: red
(15:57 / Allies) So.Crappy.Anne: he mad as fukk
(16:28 / Allies) Shelshocken: YOU HIT
(16:28 / Allies) Shelshocken: TOP
(16:31 / Allies) Shelshocken: ill hit botom
(16:32 / Allies) Shelshocken: again
(16:34 / Allies) Shelshocken: dont followww
(16:43 / Allies) So.Crappy.Anne: 4 grpyy things
(16:44 / Allies) RetiredWinselIr: k
(16:46 / Allies) Shelshocken: lol...
(17:01 / Allies) Shelshocken: jesus guys
(17:17 / Allies) Shelshocken: WTF GREEN?
(17:19 / Allies) RetiredWinselIr: what?
(17:26 / Allies) RetiredWinselIr: stop being a bitch
(17:27 / Allies) Shelshocken: what are u doing
(17:28 / Allies) Shelshocken: hity
(17:33 / Allies) RetiredWinselIr: fine I'll hit bitch
(17:40 / Allies) Shelshocken: lol
(18:28 / All) Shelshocken: gg green is tking
(18:35 / All) RetiredWinselIr: Tank bitch
(18:37 / All) RetiredWinselIr: amove noob
(18:38 / Allies) PurpleMonstarz: why green
(18:50 / Allies) RetiredWinselIr: Yellow is a little bitch and so are you
(19:02 / Allies) Shelshocken: ok bro
(19:04 / Allies) Shelshocken: whatever
(20:22 / Allies) So.Crappy.Anne: lol
(20:23 / Allies) Shelshocken: oj whatr are u doing
(20:27 / Allies) RetiredWinselIr: tking
(20:32 / Allies) Shelshocken: oj*
(20:34 / Allies) Shelshocken: not green
(20:38 / Allies) RetiredWinselIr: oh
(20:40 / Allies) RetiredWinselIr: what is he doing
(20:41 / Allies) RetiredWinselIr: lmao
(20:50 / All) RetiredWinselIr: OPrange running his shit through dragons
(20:52 / All) RetiredWinselIr: getting it killed
(21:45 / All) PurpleMonstarz: wonder why im dieing
(21:52 / All) PurpleMonstarz: and all of greens army is killing me
(21:55 / All) PurpleMonstarz: fuck boy
(22:10 / All) The_New_Prodigy: gg
(22:12 / All) The_New_Prodigy: leave
(22:13 / All) Shelshocken: tking
(22:17 / All) PurpleMonstarz: thank green
(22:20 / All) PurpleMonstarz: nig
(22:23 / All) Shelshocken: gj gren
(22:24 / Allies) So.Crappy.Anne: stay for abit
(22:27 / All) RetiredWinselIr: thanks
(22:29 / All) RetiredWinselIr: I did do a nice job
(22:34 / All) RetiredWinselIr: thought your tanks would be a problem
(22:40 / All) RetiredWinselIr: but they aren't since you are an amove retard noob
(22:58 / All) PurpleMonstarz: yellow why u piss troll off
(23:01 / All) PurpleMonstarz: never do that
(23:06 / All) PurpleMonstarz: just let him fuck around
(23:07 / All) Shelshocken: yeah right
(23:08 / All) PurpleMonstarz: and play
(23:21 / All) RetiredWinselIr: Yellow learned a valuable lesson this game
(23:30 / All) The_New_Prodigy: or u al could leave
(23:35 / All) Shelshocken: that kids dont learn?
(23:37 / All) RetiredWinselIr: busy tking
(23:37 / All) Shelshocken: :)
(23:50 / Allies) PurpleMonstarz: oj
(23:54 / Allies) PurpleMonstarz: help me kill green
(24:54 / All) Shelshocken: go greeen
(24:55 / All) Shelshocken: :D
(24:58 / Allies) RetiredWinselIr: gryphons are not the answer to berserkers, pink
(25:20 / All) Shelshocken: gren rocks
(25:35 / Allies) RetiredWinselIr: that kodo gave you a damage buff too btw
(25:39 / Allies) RetiredWinselIr: not sure you realised
(26:55 / All) RetiredWinselIr: LMAO
(26:59 / All) RetiredWinselIr: ORANGE JUST LOST HIS BM TO CREEPS
(27:08 / All) RetiredWinselIr: HE WAS MORTARING AND BLIZZARDING HIS OWN BM
(27:13 / All) RetiredWinselIr: WHICH WAS IN MELEE BECAUSE HE IS RETARDED
(27:19 / All) RetiredWinselIr: YEAH I AM SURE THAT WAS INTENTIONAL YOU MORON LOL
(27:30 / Allies) Shelshocken: come pìnk
(27:39 / Allies) So.Crappy.Anne: they came from behind, the way u like it faggo
(27:43 / All) RetiredWinselIr: LOL
(27:50 / Allies) Shelshocken: oh SNAP
(27:51 / Allies) Shelshocken: lol
(28:22 / All) Larry_Legend: OH MY FUCKING GOD
(28:24 / All) Larry_Legend: IT WON'T PICK UP THIS ITME
(28:39 / All) PurpleMonstarz: larry
(28:44 / All) PurpleMonstarz: why u stay this game
(28:51 / All) PurpleMonstarz: and leave every fucking other one
(28:52 / All) Larry_Legend: why not
(29:00 / All) PurpleMonstarz: when u on my team
(29:11 / All) RetiredWinselIr: I'm purple's ally
(29:15 / All) So.Crappy.Anne: dual blacksmith
(29:18 / All) So.Crappy.Anne: mass upgrades
(29:21 / All) PurpleMonstarz: u two make a good team
(29:28 / Allies) So.Crappy.Anne: tp?
(29:30 / Allies) So.Crappy.Anne: he alone
(29:43 / Allies) PurpleMonstarz: we could rape them
(29:44 / Allies) So.Crappy.Anne: guess not
(29:45 / All) Larry_Legend: blue got a hood of cunning because this stupid fucking hero
(29:48 / All) Larry_Legend: wouldn't pick it up
(29:50 / Allies) PurpleMonstarz: tp
(29:55 / Allies) PurpleMonstarz: green
(29:57 / Allies) PurpleMonstarz: killing us
(29:58 / Allies) PurpleMonstarz: tp
(29:59 / Allies) PurpleMonstarz: tp
(30:20 / All) The_New_Prodigy: gg
(30:25 / All) Shelshocken: yup
(30:28 / All) RetiredWinselIr: out
(30:30 / All) RetiredWinselIr: yellow and pink
(30:31 / All) RetiredWinselIr: you lose
(30:37 / All) So.Crappy.Anne: wp
(30:41 / All) Shelshocken: yup
(30:41 / All) RetiredWinselIr: thanks
(30:41 / All) Larry_Legend: STOP
(30:42 / All) RetiredWinselIr: VICTORY!
(30:43 / All) Larry_Legend: HAMMER TIME
(30:43 / All) Shelshocken: cya
(33:07 / All) The_New_Prodigy: leave yellow
(34:26 / All) The_New_Prodigy: lol
(34:28 / All) The_New_Prodigy: green
(34:44 / All) RetiredWinselIr: I think I still came out ahead there
(34:47 / All) RetiredWinselIr: because I have 10k gold
(37:56 / Allies) RetiredWinselIr: out
(37:57 / Allies) PurpleMonstarz: i even give u gold
(37:59 / Allies) PurpleMonstarz: lol
(38:04 / Allies) RetiredWinselIr: yeah and do I really need it?
(38:07 / Allies) RetiredWinselIr: when I mass expo all game
(38:12 / Allies) PurpleMonstarz: no
(38:14 / Allies) RetiredWinselIr: guess it's the thought that counts
(38:15 / Allies) RetiredWinselIr: not the gift
(38:21 / All) Larry_Legend: tghey need to nerf tanks
(38:23 / Allies) RetiredWinselIr: like what everyone who gives you shittychristmas presents says
(38:24 / Allies) PurpleMonstarz: but i am a psychiatrist
(38:29 / Allies) RetiredWinselIr: you are?
(38:30 / Allies) PurpleMonstarz: do u need to talk
(38:39 / Allies) PurpleMonstarz: i see you have many issues
(38:40 / Allies) RetiredWinselIr: I think that's called a therapist or psychologist
(38:44 / All) Larry_Legend: the ability to counter and recover
(38:50 / All) Larry_Legend: but tanks wipe out bases in seconds
(38:51 / Allies) PurpleMonstarz: destroying the ones you love
(38:52 / Allies) PurpleMonstarz: and no
(38:54 / Allies) RetiredWinselIr: psychiatrists give you pills, you talk to therapists and psychologists
(38:59 / Allies) PurpleMonstarz: i can prescribe medicine
(39:05 / Allies) PurpleMonstarz: and talk
(39:11 / Allies) PurpleMonstarz: to find your real issue
(39:16 / Allies) RetiredWinselIr: are you enjoying your work in a non-science?
(39:17 / Allies) PurpleMonstarz: of internet troll
(39:26 / Allies) PurpleMonstarz: as an MD yes
(39:49 / Allies) PurpleMonstarz: no money unless you can give meds to those like you
(39:54 / Allies) RetiredWinselIr: billions of dollars poured into it and you niggers still can't point out any actual physical differences in the brain between
(39:58 / Allies) RetiredWinselIr: a neurotic and normal
(40:08 / All) Larry_Legend: I didn't get to enjoy my mk becvause of leavers and tanks
(40:09 / Allies) PurpleMonstarz: dont matter to me
(40:19 / Allies) PurpleMonstarz: i give u meds that fuck you up worse than before
(40:20 / All) Larry_Legend: pendant of energy, sobi mask
(40:23 / Allies) PurpleMonstarz: and get rich lol
(40:25 / All) Larry_Legend: plus had another pendant
(40:43 / Allies) PurpleMonstarz: and fuck your kids with adderal
(40:59 / All) Larry_Legend: would have had almost 700 mana plus brilliance aura and sobi mask
(41:30 / Allies) RetiredWinselIr: k
(41:32 / Allies) RetiredWinselIr: if you say so
(42:21 / All) RetiredWinselIr: Blue
(42:24 / All) RetiredWinselIr: why don't you just leave
(42:27 / All) RetiredWinselIr: you'll never break my base
(42:28 / All) The_New_Prodigy: ?
(42:35 / All) The_New_Prodigy: umm cause u suck
(42:40 / All) RetiredWinselIr: so come and hit me again
(42:43 / All) The_New_Prodigy: ull see
(42:48 / All) RetiredWinselIr: lol
(44:12 / All) RetiredWinselIr: Come and try that attack again blue
(44:26 / All) The_New_Prodigy: not yet my friend
(44:55 / All) Larry_Legend: lol wow look at how fast
(44:57 / All) Larry_Legend: that mana recovers
(47:16 / All) RetiredWinselIr: how much gold do you have lawl
(47:18 / All) RetiredWinselIr: I have 10k
(47:37 / All) RetiredWinselIr: I just amoved that shit
(51:42 / All) RetiredWinselIr: Just leave blue
(51:43 / All) RetiredWinselIr: you lose
(51:52 / All) The_New_Prodigy: nope me and purp still here
(51:54 / All) RetiredWinselIr: thanks for your permission buddy
(51:56 / All) RetiredWinselIr: I really needed it
(52:01 / All) RetiredWinselIr: yeah purple is working hard to help you isn't he?
(52:21 / All) The_New_Prodigy: i dont care we still win
(52:25 / All) RetiredWinselIr: lol okay
(54:13 / All) RetiredWinselIr: I'm pulling an all nighter and just amoving shit and raping you blue
(54:26 / All) RetiredWinselIr: I didn't have gold a lot of the early game from being sleepy lol
(54:29 / All) The_New_Prodigy: whos blue i see no blue
(54:29 / All) RetiredWinselIr: forgot I made an expo and to saturate it
(56:11 / All) RetiredWinselIr: Blue come and fight me
(56:19 / All) The_New_Prodigy: nope u
(57:05 / All) The_New_Prodigy: see u mh so u know u cant win this
(57:10 / All) RetiredWinselIr: I maphack?
(57:29 / All) The_New_Prodigy: um yeah i believe u do most people do these days
(57:38 / All) The_New_Prodigy: then they lie about it
(57:47 / All) RetiredWinselIr: yeah, so what
(57:52 / All) RetiredWinselIr: what makes you think I have it specifically?
(58:07 / All) The_New_Prodigy: because u knew things u shouldnt have
(58:10 / All) RetiredWinselIr: like what
(58:54 / All) PurpleMonstarz: lol
(59:11 / All) RetiredWinselIr: I can chase your gryphons all day pink
(59:12 / All) PurpleMonstarz: oj
(59:18 / All) PurpleMonstarz: are u still here lmap
(60:19 / All) RetiredWinselIr: nice job losing shit to towers for free
(60:46 / All) The_New_Prodigy: didnt need it
(61:59 / All) RetiredWinselIr: 2 wyverns enough to scare you off lol?
(63:07 / All) RetiredWinselIr: out
(63:23 / All) The_New_Prodigy: purple is so dumb
(63:38 / All) RetiredWinselIr: lol
(63:45 / All) RetiredWinselIr: yeah purple is going to save you isn't he?
(64:14 / All) The_New_Prodigy: no but i hope he wants to win
(64:21 / All) Larry_Legend: Blue's journey mirrors the ancient account of the 10,000
(64:40 / All) Larry_Legend: Except I think they mostly survived
(65:36 / All) RetiredWinselIr: brb gotta piss
(67:08 / All) RetiredWinselIr: back
(67:25 / All) RetiredWinselIr: finish standoff?
(67:44 / All) RetiredWinselIr: It's too bad for all of you that I no longer sell wins for paypal money
(67:48 / All) RetiredWinselIr: I'm a retired winseller
(67:50 / All) RetiredWinselIr: not an active one
(68:14 / All) RetiredWinselIr: How's it feel to be 15-20 blue?
(68:20 / All) RetiredWinselIr: might as well make a new account with stats that bad lol
(68:21 / All) Larry_Legend: He could win
(68:32 / All) Larry_Legend: He wants to be in a clan
(68:35 / All) Larry_Legend: He needs this iwn
(68:46 / All) Larry_Legend: So orange has a mighty competitor on his hands
(68:47 / All) RetiredWinselIr: Blue do you want to get into a clan?
(68:52 / All) The_New_Prodigy: protect red
(69:05 / All) RetiredWinselIr: I'll protect red for you
(72:09 / All) RetiredWinselIr: I might start using toggle minimap terrain
(72:12 / All) RetiredWinselIr: easier to notice units that way
(72:40 / All) Larry_Legend: Tell them the sad news
(72:43 / All) The_New_Prodigy: wtf
(72:44 / All) Larry_Legend: Or glad news
(72:45 / All) RetiredWinselIr: Orange, blue
(72:49 / All) Larry_Legend: according to perspective
(72:51 / All) RetiredWinselIr: Me and purple have been on a team all game
(72:51 / All) The_New_Prodigy: he just killed me
(72:58 / All) RetiredWinselIr: you two will have equal chances of winning
(73:04 / All) RetiredWinselIr: we are going to kill everything, including our own units
(73:08 / All) The_New_Prodigy: oh wtf
(73:09 / All) RetiredWinselIr: you will each have an equal chance at victory
(73:17 / All) RetiredWinselIr: you will only be able to win when your opponent leaves the game
(73:19 / All) RetiredWinselIr: sound fair?
(73:24 / All) The_New_Prodigy: so its u vs him
(73:25 / All) RetiredWinselIr: leave your pc on in wc3 all day and night, and you get a win
(73:27 / All) RetiredWinselIr: no
(73:30 / All) RetiredWinselIr: it's you versus orange
(73:37 / All) RetiredWinselIr: you're retarded but I will not repeat the rules
(73:42 / All) The_New_Prodigy: oj
(73:44 / All) The_New_Prodigy: hi oj
(73:49 / All) RetiredWinselIr: He's afk right now I think
(73:52 / All) The_New_Prodigy: is he here
(73:54 / All) The_New_Prodigy: k
(73:57 / All) The_New_Prodigy: well
(74:08 / All) The_New_Prodigy: its like 8 in the morning here so i win
(74:16 / All) The_New_Prodigy: ima go play xbox lolol
(74:55 / All) The_New_Prodigy: hey can u guys teach me how to micro better
(75:09 / All) RetiredWinselIr: forgot about my casters and this last expo
(75:13 / All) So.Crappy.Anne: a+click is all you need
(75:17 / All) RetiredWinselIr: oh yeah I made another one too
(75:21 / All) So.Crappy.Anne: melee line up
(75:21 / All) RetiredWinselIr: help kill these lol
(75:23 / All) RetiredWinselIr: to finish the standoff
(75:23 / All) So.Crappy.Anne: rangerd fuck shit up
(75:40 / All) RetiredWinselIr: Lawl I just amoved this game because I'm tired
(75:59 / All) RetiredWinselIr: I think the only way to learn to micro is practice
(76:04 / All) So.Crappy.Anne: strong game
(76:09 / All) So.Crappy.Anne: just jerked off and come back to this
(76:12 / All) Larry_Legend: I think a move is best advice
(76:15 / All) The_New_Prodigy: i know but i do its to hard
(76:19 / All) So.Crappy.Anne: wot
(76:24 / All) RetiredWinselIr: Just move back low HP stuff when you can
(76:37 / All) RetiredWinselIr: back from the fight, or to your base, remove it from your ctrl group
(76:41 / All) RetiredWinselIr: Bad luck for you blue
(76:42 / All) The_New_Prodigy: yyyeyeyeyye
(76:46 / All) RetiredWinselIr: you have to lose now, nothing personal
(76:46 / All) The_New_Prodigy: ?
(76:47 / All) Larry_Legend: lol
(76:48 / All) The_New_Prodigy: why
(76:52 / All) RetiredWinselIr: your opponent left
(76:53 / All) Larry_Legend: I hope you have units
(76:58 / All) RetiredWinselIr: I have 4 casters
(77:01 / All) RetiredWinselIr: and some peons lawl
(77:03 / All) Larry_Legend: Phew
(77:07 / All) RetiredWinselIr: well I can make units I guess
(77:18 / All) Larry_Legend: I just killed my dragon
(77:39 / All) RetiredWinselIr: damn I only have tier 1
(80:08 / All) Larry_Legend: one tower is full health tt
(80:33 / All) Larry_Legend: blue do us a big favor and leave lol
(80:43 / All) RetiredWinselIr: won't take long
(80:45 / All) Larry_Legend: if you leave you get the tie
(80:58 / All) RetiredWinselIr: you only have a few buildings
(81:09 / All) RetiredWinselIr: will be over in 1 minute
(81:48 / All) Larry_Legend: did you have fun blue
(81:54 / All) RetiredWinselIr: I hope he did
(81:55 / All) RetiredWinselIr: I sure did
(82:01 / All) Larry_Legend: This game was blast
(82:04 / All) RetiredWinselIr: Anything to say for yourself blue?
(82:05 / All) Larry_Legend: a*
(82:07 / All) The_New_Prodigy: thats so much bull
(82:14 / All) Larry_Legend: THIS AWS THE MOST FUN GAME EVER
(82:18 / All) Larry_Legend: I LOVE LOSING
(82:21 / All) RetiredWinselIr: anything to say blue?
(82:21 / All) The_New_Prodigy: this kind of shit ruins the game
(82:24 / All) RetiredWinselIr: before you lose?
(82:34 / All) The_New_Prodigy: umm
(82:37 / All) Larry_Legend: what makes you think that?
(82:52 / All) The_New_Prodigy: i could have won maxed troops and
(83:01 / All) Larry_Legend: COULD HAVE WOULD HAVE SHOULD HAVE
(83:03 / All) The_New_Prodigy: i 1 v3 and won
(83:06 / All) Larry_Legend: You didn't, you lost fair and square
(83:10 / All) RetiredWinselIr: lol
(83:13 / All) RetiredWinselIr: I was beating you
(83:17 / All) RetiredWinselIr: just amoving 80 food armies
(83:19 / All) The_New_Prodigy: but purple wanted to lose so he killed me
(83:29 / All) Larry_Legend: I killed his stragglers
(83:31 / All) Larry_Legend: that's why he lost
(83:44 / All) Larry_Legend: Just accept that you lost fair and square
(83:49 / All) The_New_Prodigy: why purp thats so fucked up man
(83:57 / All) Larry_Legend: That's life
(84:01 / All) The_New_Prodigy: umm no its not fair
(84:08 / All) RetiredWinselIr: It's fair and square
(84:08 / All) Larry_Legend: Sometimes life gives you lemons adn you can make lemonade
(84:16 / All) The_New_Prodigy: becuase u teamed with the enemy
(84:18 / All) Larry_Legend: Other times it take a big ol' dookie right on yoru noggin and you can't make
(84:21 / All) Larry_Legend: that situation any better
(84:24 / All) RetiredWinselIr: yeah things like that happen
(84:25 / All) Larry_Legend: thems the breaks, dig?
(84:31 / All) RetiredWinselIr: but I was tking my own team
(84:34 / All) RetiredWinselIr: so you can't say it wasn't fair
(84:39 / All) RetiredWinselIr: he hardly even tked
(84:52 / All) The_New_Prodigy: well he tked when we could have won